 Dungeon Crawl Stone Soup version 0.26.0-45-g9c1d065592 (webtiles) character file.

Game seed: 7972317037389917608

93 kaeus the Sneak (level 4, -3/27 HPs)
             Began as an Octopode Enchanter on Jan 28, 2021.
             Slain by a hound (4 damage)
             ... on level 4 of the Dungeon.
             The game lasted 00:02:35 (2676 turns).

kaeus the Sneak (Octopode Enchanter)                Turns: 2676, Time: 00:02:36

Health: -3/27      AC:  1    Str:  4 (7)  XL:     4   Next: 62%
Magic:  7/7        EV: 13    Int: 14 (17) God:
Gold:   219        SH:  0    Dex: 12 (13) Spells: 2/8 levels left

rFire    + . .     SeeInvis .   l - +1 dagger (venom)
rCold    + . .     Faith    .   (no shield)
rNeg     . . .     Spirit   .   (helmet restricted)
rPois    +         Reflect  .   (no amulet)
rElec    +         Harm     .   (no ring)
rCorr    +         Rampage  .   (no ring)
Will     .....                  (no ring)
Stlth    ++++......             (no ring)
HPRegen  0.09/turn              (no ring)
MPRegen  0.10/turn              (no ring)
                                (no ring)
                                (no ring)

@: resistant
A: almost no armour, stealthy swim, amphibious, 8 rings, constrict 8, camouflage
1, gelatinous body 1
a: no special abilities


You were on level 4 of the Dungeon.
You visited 1 branch of the dungeon, and saw 4 of its levels.

You collected 219 gold pieces.

Inventory:

Hand Weapons
 l - a +1 dagger of venom (weapon)
Jewellery
 p - a cursed -4 ring of strength {unknown}
Wands
 o - a wand of random effects (6)
Scrolls
 b - 2 scrolls of identify {unknown}
 e - 4 scrolls of teleportation {unknown}
 h - a scroll of fog {unknown}
 i - a scroll of blinking {unknown}
 j - 3 scrolls of remove curse {unknown}
 k - 2 scrolls of fear {unknown}
 q - a scroll of random uselessness {unknown}
Potions
 a - a potion of flight {unknown}
 f - 3 potions of resistance
 g - 4 potions of curing
 m - a potion of berserk rage {unknown}
 n - a potion of lignification {unknown}


   Skills:
 + Level 0.7 Fighting
 + Level 1.9 Short Blades
 - Level 2.2 Dodging
 * Level 5.4 Stealth
 + Level 2.5 Spellcasting
 + Level 3.4 Hexes


You had 2 spell levels left.
You knew the following spells:

 Your Spells              Type           Power        Failure   Level
a - Corona                Hex            12%          5%          1
b - Ensorcelled Hibernat  Hex/Ice        12%          17%         2
c - Dazzling Flash        Conj/Hex       12%          32%         3

Your spell library contained the following spells:

 Spells                   Type           Power        Failure   Level
 Confusing Touch          Hex            11%          17%         3
 Tukima's Dance           Hex            11%          17%         3


Dungeon Overview and Level Annotations

Branches:
Dungeon (4/15)
 Temple: D:4-7

Altars:
Nemelex Xobeh

Annotations:
D:3 Terence


Innate Abilities, Weirdness & Mutations

You cannot wear most types of armour.
You are very stealthy in the water. (Stealth+)
You are amphibious.
You can wear up to eight rings at the same time.
You can use your tentacles to constrict eight enemies at once.
Your skin changes colour to match your surroundings (Stealth+).
Your rubbery body absorbs attacks. (AC +1, EV +1)


Message History

You feel protected. The hound closely misses you. Something barely misses you.
It was a potion of curing.
You feel better. The hound barely misses you. Something hits you.
The hound completely misses you. Something hits you but does no damage.
You regained 9 hp, and now have 11/27 hp.
It was a potion of degeneration.
There was something very wrong with that liquid.
You feel weakened.
You feel dopey.
You feel clumsy. The hound bites you.
* * * LOW HITPOINT WARNING * * *
You take 5 damage, and have 6/27 hp.
It was a potion of magic.
Magic courses through your body. The hound misses you.
You hear some strange, mumbled words.
A puff of frost appears from out of thin air!
The puff of frost hits you. You resist.
* * * LOW HITPOINT WARNING * * *
The hound bites you.
You die...

.. .. .# .#
.## # #.
..##..#
#..###......#
#...@h#
##.{.## #....
#..##. ... #.
.##. .# .# ##
. .# .


You could see a hound.

Vanquished Creatures
  4 adders
  2 oozes
  2 dart slugs (D:1)
  3 leopard geckos
  2 orcs
  5 goblins
  8 hobgoblins
  5 kobolds
  3 bats
  3 frilled lizards (D:1)
  4 rats (D:2)
41 creatures vanquished.

Notes
Turn   | Place    | Note
-------+----------+-------------------------------------------
     0 | D:1      | kaeus the Octopode Enchanter began the quest for the Orb.
     0 | D:1      | Reached XP level 1. HP: 11/11 MP: 3/3
   316 | D:1      | Reached XP level 2. HP: 17/17 MP: 5/5
   919 | D:1      | Reached XP level 3. HP: 17/21 MP: 6/6
  1303 | D:1      | Learned a level 2 spell: Ensorcelled Hibernation
  1307 | D:1      | Learned a level 3 spell: Dazzling Flash
  1583 | D:2      | Reached skill level 5 in Stealth
  1583 | D:2      | Reached XP level 4. HP: 27/27 MP: 7/7
  1731 | D:2      | Found a sparkling altar of Nemelex Xobeh.
  1792 | D:2      | You fall into a shaft and drop 2 floors!
  1906 | D:3      | Noticed Terence
  2676 | D:4      | HP: 1/27 [something/puff of frost (5)]
  2676 | D:4      | Slain by a hound

Illustrated notes

Levels and vault maps discovered:
D:1:      dpeg_arrival_radiant, layout_loops_ring, patterned_corridor
D:2:      layout_loops_ring, old_standard_altar
D:3:      layout_basic, marbit_many_paths, gammafunk_temple_overflow_claw,
          chequers_ecumenical_altar_simple_redux, gammafunk_ghost_mausoleum,
          uniq_terence
D:4:      layout_layer_cave, led_sif_pool, serial_shops, kennysheep_little_box,
          nicolae_ashenzari_panopticon

Skill      XL: |  1  2  3 |
---------------+----------+-----
Stealth        | 5 |  5.4
Fighting       | |  0.7
Short Blades   | |  1.9
Dodging        | |  2.2
Spellcasting   | |  2.5
Hexes          | |  3.4

Action                   |  1- 3 |  4- 6 || total
-------------------------+-------+-------++-------
Melee: Dagger            |    58 |    25 ||    83
       Constrict         |    13 |     3 ||    16
       Tentacles         |    12 |     3 ||    15
  Use: Potion            |       |     4 ||     4
 Stab: Sleeping          |    11 |     8 ||    19
Armor: Skin              |     2 |     1 ||     3
Dodge: Dodged            |    23 |    23 ||    46
